 Dungeon Crawl Stone Soup version 0.26.0-10-g1f06aea511 (webtiles) character file.

Game seed: 10004122535268580943

103 Borgoz the Slasher (level 4, -1/37 HPs)
             Began as a Ghoul Gladiator on Jan 18, 2021.
             Slain by Terence
             ... wielding a +0 flail
              (6 damage)
             ... on level 3 of the Dungeon.
             The game lasted 00:02:09 (1952 turns).

Borgoz the Slasher (Ghoul Gladiator)                Turns: 1952, Time: 00:02:10

Health: -1/37      AC:  7    Str: 17      XL:     4   Next: 79%
Magic:  3/3        EV: 11    Int:  2 (3)  God:
Gold:   61         SH:  0    Dex:  9 (11) Spells: 3/3 levels left

rFire    . . .     SeeInvis .   a - +0 long sword
rCold    + . .     Faith    .   (no shield)
rNeg     + + +     Spirit   .   j - +0 ring mail
rPois    ∞         Reflect  .   c - +1 helmet
rElec    .         Harm     .   (no cloak)
rCorr    .         Rampage  .   (no gloves)
Will     .....                  (no boots)
Stlth    ..........             (no amulet)
HPRegen  0.00/turn              (no ring)
MPRegen  0.08/turn              (no ring)

@: no status effects
A: claws 1, cold resistance 1, negative energy resistance 3, inhibited
regeneration, torment resistance, unbreathing
a: no special abilities


You were on level 3 of the Dungeon.
You visited 1 branch of the dungeon, and saw 3 of its levels.

You collected 61 gold pieces.

Inventory:

Hand Weapons
 a - a +0 long sword (weapon)
Missiles
 e - a throwing net (quivered)
Armour
 c - a +1 helmet (worn)
 j - a +0 ring mail (worn)
Wands
 d - a wand of flame (17)
Scrolls
 b - a scroll of identify {unknown}
 f - 3 scrolls of teleportation
 i - 2 scrolls of magic mapping {unknown}
 k - a scroll of remove curse


   Skills:
 + Level 2.8 Fighting
 * Level 3.5 Long Blades
 - Level 1.7 Throwing
 * Level 2.0 Armour
 + Level 3.1 Dodging


You had 3 spell levels left.
You didn't know any spells.
Your spell library was empty.

Dungeon Overview and Level Annotations

Branches:
Dungeon (3/15)

Altars:
Makhleb
Vehumet

Annotations:
D:3 Terence


Innate Abilities, Weirdness & Mutations

You thrive by killing the living.
You are immune to poison.
You have sharp fingernails.
Your flesh is cold resistant. (rC+)
You are immune to negative energy. (rN+++)
You do not regenerate when monsters are visible.
You are immune to unholy pain and torment.
You can survive without breathing.


Message History

You swing at nothing.
The goblin shouts!
You hear a shout!
A hobgoblin comes into view.
You barely miss something. Something hits you.
You closely miss something. Something hits you.
You barely miss something. Something hits you.
You barely miss something. Something hits you.
You hit something but do no damage. Something hits you!
You hit something. Something hits you.
* * * LOW HITPOINT WARNING * * *
You miss something. Something hits you but does no damage.
Your ring mail prevents you from hitting something.
Something hits you.
* * * LOW HITPOINT WARNING * * *
You barely miss something. Something barely misses you.
You hit something but do no damage. Something hits you but does no damage.
You barely miss something. Something hits you.
* * * LOW HITPOINT WARNING * * *
You hit something but do no damage. Something hits you.
You die...

#.#.. ..#.#.####
#.#.# #.#.#.#
#.#.###.#.#.#
#...........#
#.#.#####.###
#.#.# #.# .##
#...# #.#
.....####...## #.#
#gg{@.....# #.#
#...#####...####.#
.# ## #........#
..# #..#########
..# #..........#
#.# #.########.# #
#.# #.# #.# #.#.#
#.# #.#
#.#.###########.#
#.#


You could see a hobgoblin and a goblin.

Vanquished Creatures
  A bullfrog skeleton (D:3)
  Ijyb (D:3)
  2 adders (D:2)
  A worm (D:2)
  A dart slug (D:1)
  2 giant cockroaches (D:2)
  5 goblins
  2 hobgoblins
  2 kobolds
  A quokka (D:2)
  4 bats
  2 frilled lizards (D:2)
  A quokka skeleton (D:2)
  4 rats
29 creatures vanquished.

Notes
Turn   | Place    | Note
-------+----------+-------------------------------------------
     0 | D:1      | Borgoz the Ghoul Gladiator began the quest for the Orb.
     0 | D:1      | Reached XP level 1. HP: 17/17 MP: 0/0
   538 | D:1      | Reached XP level 2. HP: 25/25 MP: 1/1
   698 | D:2      | Reached skill level 1 in Armour
   808 | D:2      | Reached XP level 3. HP: 19/30 MP: 2/2
   911 | D:2      | Found a faded altar of an unknown god.
   921 | D:2      | You fall into a shaft and drop 1 floor!
  1294 | D:2      | Found a radiant altar of Vehumet.
  1295 | D:2      | Found a burning altar of Makhleb.
  1511 | D:3      | Reached XP level 4. HP: 25/37 MP: 3/3
  1635 | D:3      | Noticed Ijyb
  1669 | D:3      | Killed Ijyb
  1936 | D:3      | Noticed Terence
  1952 | D:3      | Slain by Terence

Illustrated notes

Levels and vault maps discovered:
D:1:      dpeg_arrival_pits, layout_rooms
D:2:      layout_loops_cross, grunt_temple_overflow_open,
          chequers_ecumenical_altar_simple
D:3:      layout_loops_ring, lemuel_coloured_pillars_altar, uniq_terence,
          uniq_ijyb

Skill      XL: |  1  2  3  4 |
---------------+-------------+-----
Long Blades    | 3 |  3.5
Armour         | 1 2 |  2.0
Dodging        | 3 |  3.1
Fighting       | |  2.8
Throwing       | |  1.7

Action                   |  1- 3 |  4- 6 || total
-------------------------+-------+-------++-------
Melee: Long sword        |    88 |    39 ||   127
Throw: Throwing net      |     2 |     3 ||     5
  Use: Scroll            |     4 |       ||     4
       Potion            |       |     3 ||     3
 Stab: Held in net/web   |       |     1 ||     1
Armor: Leather armour    |    13 |       ||    13
       Ring mail         |    14 |     8 ||    22
Dodge: Dodged            |    59 |    11 ||    70
       Rpst.: Long sword |    24 |     3 ||    27
